 Dungeon Sprint DCSS version 0.31-a0-1376-g36f0627844 (webtiles) character file.

Game seed: 7569957284352310330

20565 Groucho the Imperceptible (level 12, 79/79 HPs)
             Began as a Felid Berserker on Dec 24, 2023.
             Was a High Priest of Trog.
             Got out of the dungeon alive.
             The game lasted 00:10:46 (2777 turns).

Groucho the Imperceptible (Felid Berserker)         Turns: 2777, Time: 00:10:46

Health: 79/79      AC:  3    Str: 13    XL:     12   Next: 46%
Magic:  13/13      EV: 36    Int: 12    God:    Trog [*****.]
Gold:   3043       SH:  0    Dex: 20    Spells: 11/11 levels left
                                        Lives:  1   Deaths: 1

rFire   + .          .
                       - Unarmed
rCold   . . .        (shield unavailable)
rNeg    . . .        (body armour unavailable)
rPois   .            (helmet unavailable)
rElec   .            (cloak unavailable)
rCorr   .            (gloves unavailable)
SInv    +            (boots unavailable)
Will    +....        (no amulet)
Stlth   +++++++++    l - ring of fire
HPRegen 0.33/turn    (no ring)
MPRegen 0.13/turn

%: no teleportation
@: no status effects
A: very small, claws 1, fangs 3, see invisible, shaggy fur 3, stealthy paws, no
weapons or thrown items, no armour, multi-lived, deterioration 1
a: Renounce Religion, Berserk, Trog's Hand, Brothers in Arms


You escaped.
You worshipped Trog.
Trog was extremely pleased with you.
You visited 1 branch You collected 3542 gold pieces.
You spent 499 gold pieces at shops.

Inventory:

Jewellery
 l - a ring of fire (left paw)
Wands
 g - a wand of mindburst (5)
 i - a wand of flame (13)
Scrolls
 f - 4 scrolls of identify {unknown}
Potions
 a - 3 potions of curing
 c - 2 potions of haste
 d - 4 potions of magic
 e - a potion of berserk rage
 h - 2 potions of degeneration {unknown}
 j - 2 potions of enlightenment
 k - a potion of invisibility


   Skills:
 + Level 16.7 Fighting
 + Level 21.0 Dodging
 - Level 23.0 Stealth
 + Level 16.6 Unarmed Combat


You had 11 spell levels left.
You didn't know any spells.
Your spell library was empty.

Dungeon Overview and Level Annotations

Branches:
Dungeon (1/1)

Altars:
Cheibriados
Dithmenos
Elyvilon
Fedhas
Gozag
Hepliaklqana
Kikubaaqudgha
Makhleb
Nemelex Xobeh
Okawaru
Qazlal
Ru
Sif Muna
Trog
Uskayaw
Vehumet
Wu Jian
Xom
Yredelemnul
Zin
The Shining One
Jiyva
Lugonu

Shops:
D [?=[!(=[:?[[!!*:=[![*=


Innate Abilities, Weirdness & Mutations

You have sharp claws.
You have razor-sharp teeth.
You have supernaturally acute eyesight. (SInv)
Your thick and shaggy fur keeps you warm. (AC +3, rC+)
Your paws help you pounce on unaware monsters.
You are incapable of wielding weapons or throwing items.
You cannot wear armour.
You gain extra lives every three experience levels.
Your body sometimes deteriorates upon taking damage.


Message History

Your deep troll rages.
You open the huge gate.
Found four shops.
Your two-headed ogre rages.
Your deep troll rages.
Your ogre rages.
There is a huge open gate here.
Your deep troll rages.
There is a huge open gate here.
There is an entrance to Hicats's Magic Scroll Shoppe here.
You feel less fragile.
Your troll rages.
Your deep troll is no longer berserk.
There is an entrance to Foeto's Jewellery Emporium here.
You swap places.
Your ogre is no longer berserk.
Your deep troll disappears in a puff of smoke!
Your ogre disappears in a puff of smoke!
Your troll rages. x2
There is an entrance to Yghicamm's Weapon Boutique here.
Your two-headed ogre is no longer berserk.
There is an entrance to Coezoiss's Distillery here.
Your troll rages.
There is a huge open gate here.
Your two-headed ogre disappears in a puff of smoke!
Your troll rages.
Your troll is no longer berserk.
Your troll disappears in a puff of smoke!
There is a huge open gate here.
There is an open door here.
There is an open door here.
You see here a +0 chain mail.
There is an open door here.
There is an open door here.
There is an open door, spattered with blood here.
There is an open door here.
You see here a +0 giant club.
Things that are here:
a +0 club; a +0 leather armour
There is an open door here.
There is a staircase leading out of the dungeon here.
You have escaped!

##################
#@.#..)..#.)'..#__
#..').#..'..#..'..
#..#####'#####'#__
#..## #..#...#[###
#..#__####..##.#~§
#..#_____##'#_.'~§
#⌠⌠#_.∩...'..._#§§
####_..__##_.#'##+
#_____###'#.#.(


There were no monsters in sight!

Vanquished Creatures
  A lorocyproca (D)
  A hydra (D)
  2 centaur warriors (D)
  Sonja (D)
  A deep troll (D)
  A lindwurm (D)
  An oklob plant (D)
  A gargoyle (D)
  7 unseen horrors (D)
  2 kobold demonologists (D)
  3 glass eyes (D)
  A hornet (D)
  A slime creature (D)
  Sigmund (D)
  13 hogs (D)
  A yak (D)
  2 redbacks (D)
  An ogre (D)
  7 necrophages (D)
  8 jellies (D)
  Ijyb (D)
  A ballistomycete spore (D)
58 creatures vanquished.

Vanquished Creatures (collateral kills)
  A golden dragon (D)
  A fire giant (D)
  A shadow dragon (D)
  4 demonic crawlers (D)
  8 shining eyes (D)
  4 glass eyes (D)
19 creatures vanquished.

Vanquished Creatures (others)
  A merfolk siren (D)
  A ballistomycete spore (D)
2 creatures vanquished.

Grand Total: 79 creatures vanquished

Notes
Turn   | Place    | Note
-------+----------+-------------------------------------------
     0 | D        | Groucho the Felid Berserker began the quest for the Orb.
     0 | D        | Reached XP level 1. HP: 12/12 MP: 2/2
     2 | D        | Noticed Ijyb
    11 | D        | Killed Ijyb
    12 | D        | Reached skill level 8 in Stealth
    12 | D        | Reached XP level 2. HP: 16/16 MP: 3/3
    61 | D        | Noticed an ogre
    67 | D        | Killed an ogre
    68 | D        | Reached skill level 12 in Stealth
    68 | D        | Reached XP level 3. HP: 20/20 MP: 4/4
    68 | D        | Reached XP level 4. HP: 24/24 MP: 5/5
   301 | D        | Noticed Sigmund
   303 | D        | Killed Sigmund
   303 | D        | Reached ** piety under Trog
   304 | D        | Reached skill level 17 in Stealth
   304 | D        | Reached XP level 5. HP: 28/28 MP: 6/6
   304 | D        | Gained mutation: You are covered in thick fur. (AC +2)
                  | [Felid growth]
   304 | D        | Reached XP level 6. HP: 32/32 MP: 7/7
   316 | D        | Found a shimmering blue altar of Sif Muna.
   317 | D        | Found an ornate altar of the Wu Jian Council.
   318 | D        | Found a radiant altar of Vehumet.
   331 | D        | Found Muyghemi's Armour Emporium.
   331 | D        | Found an ancient bone altar of Kikubaaqudgha.
   331 | D        | Found a hazy altar of Hepliaklqana.
   331 | D        | Found a stormy altar of Qazlal.
   331 | D        | Found a hide-covered altar of Uskayaw.
   331 | D        | Found a blossoming altar of Fedhas.
   331 | D        | Found a bloodstained altar of Trog.
   331 | D        | Found an iron altar of Okawaru.
   331 | D        | Found a basalt altar of Yredelemnul.
   331 | D        | Found a glowing golden altar of the Shining One.
   331 | D        | Found a snail-covered altar of Cheibriados.
   331 | D        | Found a sacrificial altar of Ru.
   331 | D        | Found a glowing silver altar of Zin.
   331 | D        | Found a shadowy altar of Dithmenos.
   331 | D        | Found a white marble altar of Elyvilon.
   331 | D        | Noticed a yak
   332 | D        | Found an opulent altar of Gozag.
   333 | D        | Killed a yak
   334 | D        | Reached skill level 19 in Stealth
   334 | D        | Found a sparkling altar of Nemelex Xobeh.
   367 | D        | Found a viscous altar of Jiyva.
   367 | D        | Found a corrupted altar of Lugonu.
   367 | D        | Noticed a slime creature
   368 | D        | Found a burning altar of Makhleb.
   368 | D        | Found a shimmering altar of Xom.
   370 | D        | Killed a slime creature
   371 | D        | Reached skill level 21 in Stealth
   371 | D        | Reached XP level 7. HP: 36/36 MP: 8/8
   381 | D        | Noticed a centaur warrior
   381 | D        | Noticed a centaur warrior
   382 | D        | Killed a centaur warrior
   382 | D        | Reached *** piety under Trog
   383 | D        | Reached skill level 5 in Fighting
   383 | D        | Reached skill level 5 in Unarmed Combat
   383 | D        | Reached XP level 8. HP: 44/44 MP: 9/9
   383 | D        | Killed a centaur warrior
   384 | D        | Reached skill level 22 in Stealth
   392 | D        | Noticed a hornet
   402 | D        | Killed a hornet
   642 | D        | Noticed an oklob plant
   655 | D        | Killed an oklob plant
   656 | D        | Reached skill level 10 in Dodging
   656 | D        | Reached XP level 9. HP: 51/51 MP: 10/10
   809 | D        | Reached **** piety under Trog
   810 | D        | Reached skill level 23 in Stealth
   835 | D        | Noticed an unseen horror
   836 | D        | Noticed an unseen horror
   842 | D        | Killed an unseen horror
   844 | D        | Killed an unseen horror
   847 | D        | Reached ***** piety under Trog
  1139 | D        | Reached ****** piety under Trog
  1152 | D        | Identified the +1 fire dragon scales of Generosity {*Slow
                  | rPois rF++ rC- Regen+ rCorr}
  1154 | D        | Reached XP level 10. HP: 57/59 MP: 11/11
  1155 | D        | Reached skill level 10 in Fighting
  1164 | D        | Found Liecam's Armour Shoppe.
  1164 | D        | Found Xometon's Jewellery Shop.
  1164 | D        | Found Wiwkug's Book Boutique.
  1166 | D        | Found Vausann's Magic Scroll Emporium.
  1166 | D        | Found Deakh's Armour Shop.
  1166 | D        | Found Fywouguca's Armour Shoppe.
  1166 | D        | Found Feyt's Distillery.
  1166 | D        | Found Pubeo's Distillery.
  1166 | D        | Found Tihuwiank's Assorted Antiques.
  1166 | D        | Found Lequd's Book Shoppe.
  1170 | D        | Found Irhobbeg's Jewellery Boutique.
  1171 | D        | Found Roreih's Distillery.
  1171 | D        | Found Omnosea's Antique Armour Boutique.
  1172 | D        | Found Totolati's Assorted Antiques.
  1186 | D        | Bought a copper wand for 80 gold pieces
  1188 | D        | Bought a potion of enlightenment for 65 gold pieces
  1188 | D        | Bought a potion of invisibility for 104 gold pieces
  1202 | D        | Bought a ring of fire for 250 gold pieces
  1240 | D        | Noticed a deep troll
  1242 | D        | Killed a deep troll
  1243 | D        | Reached skill level 10 in Unarmed Combat
  1254 | D        | Found Reoxe's Armour Emporium.
  1268 | D        | Noticed Sonja
  1271 | D        | Killed Sonja
  1396 | D        | Found Agioga's Armour Boutique.
  1446 | D        | Noticed a demonic crawler
  1446 | D        | Noticed a demonic crawler
  1446 | D        | Noticed a demonic crawler
  1446 | D        | Noticed a demonic crawler
  1451 | D        | Killed a demonic crawler
  1452 | D        | Reached skill level 15 in Dodging
  1452 | D        | Killed a demonic crawler
  1453 | D        | Killed a demonic crawler
  1454 | D        | Killed a demonic crawler
  1455 | D        | Reached XP level 11. HP: 24/67 MP: 12/12
  1576 | D        | Noticed a lindwurm
  1580 | D        | Killed a lindwurm
  1645 | D        | Noticed a 12-headed hydra
  1647 | D        | Killed a 12-headed hydra
  1711 | D        | Noticed a shadow dragon
  1711 | D        | Noticed a golden dragon
  1723 | D        | Killed a golden dragon
  1726 | D        | Killed a shadow dragon
  1787 | D        | Found Weanupy's Jewellery Shoppe.
  1832 | D        | Noticed a daeva
  1839 | D        | Reached skill level 15 in Fighting
  1856 | D        | Reached skill level 15 in Unarmed Combat
  1947 | D        | Noticed a fire giant
  1950 | D        | Noticed a fire giant
  1950 | D        | Noticed a fire giant
  1971 | D        | Killed a fire giant
  1972 | D        | Gained mutation: Your thick and shaggy fur keeps you warm.
                  | (AC +3, rC+) [Felid growth]
  1972 | D        | Reached XP level 12. HP: 15/77 MP: 13/13
  1975 | D        | Demolished by a fire giant
  2052 | D        | Noticed a lorocyproca
  2055 | D        | Killed a lorocyproca
  2642 | D        | Noticed a deep elf annihilator
  2644 | D        | Noticed a fire giant
  2703 | D        | Gained mutation: Your body sometimes deteriorates upon
                  | taking damage. [a shining eye]
  2722 | D        | Found Hicats's Magic Scroll Shoppe.
  2722 | D        | Found Coezoiss's Distillery.
  2722 | D        | Found Foeto's Jewellery Emporium.
  2722 | D        | Found Yghicamm's Weapon Boutique.
  2777 | D        | Got out of the dungeon alive.

Illustrated notes

Levels and vault maps discovered:
D:        dungeon_sprint_1 [red_sonja_temple_1, red_sonja_temple_small_1]

Skill      XL: |  1  2  3  4  5  6  7  8  9 10 11 12 |
---------------+-------------------------------------+-----
Stealth        | 8 12 17 21 22 23 | 23.0
Fighting       | 5 7 9 12 15 16 | 16.7
Dodging        | 7 10 12 16 19 21 | 21.0
Unarmed Combat | 5 7 9 12 15 16 | 16.6

Action                     |  1- 3 |  4- 6 |  7- 9 | 10-12 || total
---------------------------+-------+-------+-------+-------++-------
  Melee: Unarmed           |     8 |     4 |    50 |    75 ||   137
         Punch             |       |       |     4 |    10 ||    14
         Bite              |       |       |     1 |     7 ||     8
 Invoke: Berserk           |     2 |       |     2 |     2 ||     6
         Trog's Hand       |       |       |     2 |     2 ||     4
         Brothers in Arms  |       |       |       |    11 ||    11
    Use: Scroll            |       |       |     1 |     2 ||     3
         Potion            |       |       |       |     3 ||     3
   Stab: Sleeping          |     2 |     4 |    16 |    20 ||    42
 Armour: Skin              |     1 |       |     6 |    40 ||    47
  Dodge: Dodged            |     4 |       |    28 |   119 ||   151

Table legend: (Time is in decaauts)
 A = Elapsed time spent in this place.
 B = Non-inter-level travel time spent in this place.
 C = Inter-level travel time spent in this place.
 D = Time resting spent in this place.
 E = Time spent auto-exploring this place.
 F = Levels seen in this place.
 G = Mean time per level.
                   A        B        C        D        E       F      G
               +--------+--------+--------+--------+--------+-----+--------+
         Total |   2802 |   2691 |    111 |   1729 |      0 |   1 | 2802.0 |
       Dungeon |   2802 |   2691 |    111 |   1729 |      0 |   1 | 2802.0 |
               +--------+--------+--------+--------+--------+-----+--------+

Top non-repeatable levels by time:
       D: 2802 daAuts
